 Dungeon Crawl Stone Soup version 0.18.1-1-g2f07953 (webtiles) character file.

102 ColeyMoke the Twirler (level 4, -8/37 HPs)
             Began as a Minotaur Gladiator on Oct 8, 2016.
             Mangled by Sigmund
             ... wielding a +0 scythe
              (14 damage)
             ... on level 2 of the Dungeon on Oct 9, 2016.
             The game lasted 00:03:03 (1158 turns).

ColeyMoke the Twirler (Minotaur Gladiator)          Turns: 1158, Time: 00:03:04

Health: -8/37      AC:  3    Str: 20    XL:     4   Next: 49%
Magic:  3/3        EV: 13    Int:  6    God:
Gold:   90         SH:  0    Dex: 10    Spells: 0 memorised, 3 levels left

rFire  . . .     SeeInvis .     a - +0 quarterstaff
rCold  . . .     Gourm    .     b - +0 leather armour
rNeg   . . .     Faith    .     (shield currently unavailable)
rPois  .         Spirit   .     c - +0 hat
rElec  .         Dismiss  .     (no cloak)
rCorr  .         Reflect  .     (no gloves)
SustAt .         Harm     .     (no boots)
MR     .....                    (no amulet)
Stlth  +.........               (no ring)
                                (no ring)

@: not resistant to hostile enchantments, very unstealthy
A: retaliatory headbutt, horns 2
a: no special abilities


You were on level 2 of the Dungeon.
You were hungry.

You visited 1 branch of the dungeon, and saw 2 of its levels.

You collected 90 gold pieces.

Inventory:

Hand Weapons
 a - a +0 quarterstaff (weapon)
Missiles
 d - a throwing net (quivered)
Armour
 b - a +0 leather armour (worn)
 c - a +0 hat (worn)
 j - a +0 ring mail
Jewellery
 m - a +3 ring of evasion {unknown}
Scrolls
 g - a scroll of fear {unknown}
 h - a scroll of enchant armour {unknown}
 i - a scroll of random uselessness {unknown}
 k - 2 scrolls of identify {unknown}
 n - a scroll of magic mapping {unknown}
Potions
 e - 3 potions of lignification {unknown}
 l - a potion of might {unknown}
 o - a potion of ambrosia {unknown}
 p - a potion of flight {unknown}
Comestibles
 f - 2 bread rations


   Skills:
 + Level 2.9 Fighting
 + Level 4.7 Staves
 + Level 2.5 Throwing
 + Level 1.0 Armour
 + Level 4.1 Dodging
 + Level 0.6 Stealth


You had 3 spell levels left.
You didn't know any spells.

Dungeon Overview and Level Annotations

Branches:
Dungeon (2/15)

Altars:
Nemelex Xobeh

Annotations:
D:2 Sigmund


Innate Abilities, Weirdness & Mutations

You reflexively headbutt those who attack you in melee.
You have a pair of horns on your head.


Message History

Something wriggles in the net.
You bump into the rock wall.
You bump into the rock wall.
Something wriggles in the net.
All of a sudden the net rips apart!
You barely miss something. Something hits you.
You bump into the rock wall.
Something hits you.
You bump into the rock wall.
You bump into the rock wall.
Something hits you!
You bump into the rock wall.
You feel less confused. Something hits you but does no damage.
You miss something. You hit something. Your headbutt misses something.
Something hits you!
* * * LOW HITPOINT WARNING * * *
You barely miss something. Something hits you.
* * * LOW HITPOINT WARNING * * *
You hit something. You hit something. Something hits you but does no damage.
You hit something. You headbutt something. Something hits you!
You die...

### #.#..# ..#
.....# #.#
.....# #.# #.#
#.# # #.######
.# .[.......
#####s.###.
#.####### #
#..@{r..(.. #.##
#.# #.###..##.#
...######.####.#
.#
...............#
..
..8...[.#......#
#.
.8.8..#.#####.##
# 8._.8.#.#
##...##
.8.8..#.#
#.....##.#
).8...#)#
#........#


You could see a giant cockroach and a rat.

Vanquished Creatures
  Ijyb (D:2)
  Jessica (D:2)
  3 adders (D:2)
  A dart slug (D:1)
  A ball python (D:1)
  5 bats
  A giant cockroach (D:1)
  2 goblins
  3 hobgoblins
  3 kobolds
  2 rats (D:1)
23 creatures vanquished.

Notes
Turn   | Place    | Note
--------------------------------------------------------------
     0 | D:1      | ColeyMoke the Minotaur Gladiator began the quest for the Orb.
     0 | D:1      | Reached XP level 1. HP: 18/18 MP: 0/0
     6 | D:1      | Noticed a worker ant
     6 | D:1      | Noticed a komodo dragon
     8 | D:1      | Noticed a centaur
     8 | D:1      | Noticed a hell rat
   152 | D:1      | Reached XP level 2. HP: 21/25 MP: 1/1
   617 | D:2      | Noticed Ijyb
   629 | D:2      | Killed Ijyb
   629 | D:2      | Reached XP level 3. HP: 30/30 MP: 2/2
   660 | D:2      | Found a sparkling altar of Nemelex Xobeh.
   881 | D:2      | Found a faded altar to an unknown god.
   882 | D:2      | Noticed Jessica
   886 | D:2      | Killed Jessica
   886 | D:2      | Reached skill level 1 in Armour
   886 | D:2      | Reached XP level 4. HP: 21/37 MP: 3/3
  1136 | D:2      | Noticed Sigmund
  1158 | D:2      | Mangled by Sigmund

Skill      XL: |  1  2  3 |
---------------+----------+-----
Staves         | 4 |  4.7
Armour         | 1 |  1.0
Dodging        | 4 |  4.1
Fighting       | |  2.9
Throwing       | |  2.5
Stealth        | |  0.6

Action                   |  1- 3 |  4- 6 || total
-------------------------+-------+-------++-------
Melee: Quarterstaff      |    31 |    14 ||    45
       Headbutt          |     4 |     3 ||     7
Throw: Throwing net      |       |     2 ||     2
 Stab: Sleeping          |     1 |       ||     1
Armor: Leather armour    |     8 |     1 ||     9
Dodge: Dodged            |    20 |     5 ||    25
